 Dungeon Crawl Stone Soup version 0.31-a0-819-gf6de2f5ab6 (webtiles) character file.

Game seed: 777861094691180859

20 qw the Shooter (level 2, 0/17 HPs)
             Began as a Gargoyle Hunter on Sept 23, 2023.
             Slain by a gnoll
             ... wielding a +0 flail
              (6 damage)
             ... on level 1 of the Dungeon.
             The game lasted 00:00:14 (606 turns).

qw the Shooter (Gargoyle Hunter)                     Turns: 606, Time: 00:00:14

Health: 0/17       AC:  5    Str: 14    XL:     2   Next: 79%
Magic:  2/2        EV: 11    Int:  9    God:
Gold:   35         SH:  0    Dex: 13    Spells: 1/1 levels left

rFire   . . .        Y - +0 shortbow
rCold   . . .        (shield currently unavailable)
rNeg    + . .        c - +0 leather armour
rPois   inf          (no helmet)
rElec   +            (no cloak)
rCorr   .            (no gloves)
SInv    .            (no boots)
Will    .....        (no amulet)
Stlth   +            (no ring)
HPRegen 0.22/turn    (no ring)
MPRegen 0.08/turn

%: no passive effects
@: no status effects
A: sickness immunity, AC +2, negative energy resistance 1, electricity
resistance, torment resistance 1, petrification resistance
a: no special abilities


You were on level 1 of the Dungeon.
You visited 1 branch of the dungeon, and saw 2 of its levels.

You collected 35 gold pieces.


Innate Abilities, Weirdness & Mutations

You are immune to sickness and miasma.
Your stone body is resilient. (AC +2)
You are immune to poison.
You resist negative energy. (rN+)
You are resistant to electric shocks. (rElec)
You are resistant to unholy torment.
You are immune to petrification.


   Skills:
 - Level 2.1 Fighting
 + Level 4.8 Ranged Weapons
 - Level 1.5 Dodging
 - Level 1.1 Stealth


You had one spell level left.
You didn't know any spells.
Your spell library was empty.

Inventory:

Hand Weapons
 Y - a +0 shortbow (weapon)
Armour
 c - a +0 leather armour (worn)

Dungeon Overview and Level Annotations

Branches:
Dungeon (2/15)

Altars:


Message History

591 ||| STAIRDANCE The goblin hits you but does no damage.
You climb upwards.
There is a stone staircase leading down here.
You shoot an arrow. The arrow hits the goblin!
You kill the goblin!
Done exploring.
What level of the Dungeon? (default 2, ? - help)
You climb downwards.
The gnoll barely misses you.
There is a stone staircase leading up here.
There are monsters nearby!
596 ||| STAIRDANCE The gnoll barely misses you.
You climb upwards.
There is a stone staircase leading down here.
You shoot an arrow. The arrow hits the gnoll.
The gnoll is lightly wounded.
The gnoll closely misses you. x2
You shoot an arrow. The arrow barely misses the gnoll.
The gnoll hits you with a +0 flail.
You shoot an arrow. The arrow hits the gnoll.
The gnoll is heavily wounded.
The gnoll hits you with a +0 flail.
You shoot an arrow.
The arrow hits the gnoll but does no damage.
The gnoll is heavily wounded.
The gnoll hits you with a +0 flail.
You shoot an arrow. The arrow barely misses the gnoll.
The gnoll hits you with a +0 flail.
You shoot an arrow. The arrow hits the gnoll.
The gnoll is severely wounded.
The gnoll closely misses you. x2
You shoot an arrow. The arrow closely misses the gnoll.
The gnoll barely misses you.
You shoot an arrow. The arrow hits the gnoll.
The gnoll is almost dead.
The gnoll barely misses you.
You shoot an arrow. The arrow closely misses the gnoll.
The gnoll hits you with a +0 flail.
You die...

.~~~~~~.....# #####.##.#..###
~~~777~P....# ##........... ~~77
777....## #####......#..... ~.7
#7.......# #.....?._........ P.7
#........# #.####.....##....
P~777#.#####.####.##.............
P.~7...# #...##.##.............
#....### ###.g#.###############
###### ##)@................
###################


You could see a gnoll.

Vanquished Creatures
  2 dart slugs (D:1)
  2 bats (D:1)
  An endoplasm (D:1)
  A giant cockroach (D:1)
  2 goblins (D:1)
  A hobgoblin (D:1)
  2 frilled lizards (D:1)
  A kobold (D:1)
  4 rats (D:1)
16 creatures vanquished.

Notes
Turn   | Place    | Note
-------+----------+-------------------------------------------
     0 | D:1      | qw the Gargoyle Hunter began the quest for the Orb.
     0 | D:1      | Reached XP level 1. HP: 12/12 MP: 1/1
     0 | D:1      | 0 ||| qw: Version: 0.3-a-83-gcd0e7d8
     0 | D:1      | 0 ||| qw: Game counter: 1584
     0 | D:1      | 0 ||| qw: Melee chars always use a shield: true
     0 | D:1      | 0 ||| qw: God list: Okawaru
     0 | D:1      | 0 ||| qw: Allow faded altars: false
     0 | D:1      | 0 ||| qw: Do Orc after clearing Dungeon:15 true
     0 | D:1      | 0 ||| qw: Do second Lair branch before Depths: true
     0 | D:1      | 0 ||| qw: Lair rune preference: random
     0 | D:1      | 0 ||| qw: Goals: Normal
     0 | D:1      | 0 ||| PLANNING D:1-11
   119 | D:1      | Reached XP level 2. HP: 15/17 MP: 2/2
   130 | D:1      | Found a faded altar of an unknown god.
   573 | D:1      | 573 ||| READING scroll labelled QUFOKE UQUXT.
   577 | D:1      | 577 ||| DROPPING scroll of butterflies.
   591 | D:2      | 591 ||| STAIRDANCE
   596 | D:2      | 596 ||| STAIRDANCE
   606 | D:1      | Slain by a gnoll

Levels and vault maps discovered:
D:1:      onia_arrival_mini_maze, layout_basic,
          ebering_ecumenical_altar_sacrificial, nrook_mini_backslash,
          serial_bayou_crossing
D:2:      layout_basic, uniq_robin, uniq_sigmund

Action                     || total
---------------------------++-------
   Fire: Shortbow          ||    56
    Use: Scroll            ||     1
 Armour: Leather armour    ||    15
  Dodge: Dodged            ||    13

Table legend:
 A = Non-vault XP
 B = Vault XP
 C = Vault XP percentage of total XP
 D = Non-vault monster count
 E = Vault monster count
 F = Vault count percentage of total count
                 A         B        C        D         E       F
            +---------+---------+-------+---------+---------+-------
      Total |      28 |       1 |   3.4 |      15 |       1 |   6.2
            +---------+---------+-------+---------+---------+-------
        D:1 |      28 |       1 |   3.4 |      15 |       1 |   6.2
            +---------+---------+-------+---------+---------+-------
